 Dungeon Crawl Stone Soup version 0.27-a0-1116-g91b3acb402 (webtiles) character file.

Game seed: 7351048269743553779

2615 leviel the Cleaver (level 9, 0/74 HPs)
             Began as a Minotaur Fighter on May 2, 2021.
             Was an Initiate of the Shining One.
             Slain by Gastronok (35 damage)
             ... on level 8 of the Dungeon.
             The game lasted 00:12:43 (6924 turns).

leviel the Cleaver (Minotaur Fighter)               Turns: 6924, Time: 00:12:43

Health: 0/74       AC:  9    Str: 25    XL:     9   Next: 34%
Magic:  8/8        EV:  8    Int:  5    God:    the Shining One [......]
Gold:   381        SH:  9    Dex:  9    Spells: 8/8 levels left

rFire    + . .     SeeInvis +   a - +0 war axe (flame)
rCold    . . .     Faith    .   c - +0 kite shield
rNeg     . . .     Spirit   .   d - +1 swamp dragon scales
rPois    +         Reflect  .   (helmet restricted)
rElec    .         Harm     .   (no cloak)
rCorr    .         Rampage  .   (no gloves)
Will     .....                  (no boots)
Stlth    ..........             (no amulet)
HPRegen  0.22/turn              p - ring of see invisible
MPRegen  0.11/turn              q - ring of protection from fire

@: slowed, glowing, very slow
A: horns 2, retaliatory headbutt
a: Renounce Religion


You were on level 8 of the Dungeon.
You worshipped the Shining One.
The Shining One was noncommittal.
You visited 2 branches of the dungeon, and saw 9 of its levels.

You collected 381 gold pieces.

Inventory:

Hand Weapons
 a - a +0 war axe of flaming (weapon)
Missiles
 l - a curare-tipped dart (quivered)
Armour
 c - a +0 kite shield (worn)
 d - +1 swamp dragon scales (worn)
Jewellery
 b - a ring of flight
 p - a ring of see invisible (left hand)
 q - a ring of protection from fire (right hand)
Wands
 e - a wand of acid (11)
Scrolls
 f - 2 scrolls of identify
 m - 5 scrolls of teleportation
 o - a scroll of blinking {unknown}
 r - a scroll of torment {unknown}
 s - 2 scrolls of fog {unknown}
 t - a scroll of immolation {unknown}
 u - 2 scrolls of noise {unknown}
Potions
 g - 2 potions of heal wounds
 h - 5 potions of curing
 i - 3 potions of invisibility
 j - 3 potions of flight
 k - 2 potions of lignification


   Skills:
 - Level 5.0 Fighting
 + Level 14.2 Axes
 - Level 3.6 Armour
 - Level 0.7 Dodging
 - Level 0.2 Stealth
 - Level 3.6 Shields


You had 8 spell levels left.
You didn't know any spells.
Your spell library contained the following spells:

 Spells                   Type           Power      Damage    Failure   Level
 Magic Dart               Conj           0%         1d3       98%         1
 Sandblast                Erth           0%         2d4       98%         1
 Blink                    Tloc           N/A        N/A       99%         2
 Call Imp                 Summ           0%         N/A       99%         2
 Passwall                 Tmut/Erth      0%         N/A       99%         2
 Slow                     Hex            0%         N/A       99%         2
 Conjure Flame            Conj/Fire      0%         6-21      100%        3
 Mephitic Cloud           Conj/Pois/Air  0%         N/A       100%        3
 Stone Arrow              Conj/Erth      0%         3d7       100%        3
 Petrify                  Tmut/Erth      0%         N/A       100%        4
 Lee's Rapid Deconstruct  Erth           0%         3d5*      100%        5


Dungeon Overview and Level Annotations

Branches:
Dungeon (8/15)             Temple (1/1) D:6
   Lair: D:8-11

Altars:
Ashenzari
Cheibriados
Dithmenos
Elyvilon
Fedhas
Hepliaklqana
Kikubaaqudgha
Nemelex Xobeh
Okawaru
Sif Muna
Uskayaw
Vehumet
Wu Jian
Xom
Yredelemnul
Zin
The Shining One
Lugonu

Annotations:
D:5 3 runed translucent doors, robertstho's ghost, novice DjFE
D:8 Gastronok


Innate Abilities, Weirdness & Mutations

You have a pair of horns on your head.
You reflexively headbutt those who attack you in melee.


Message History

The orc wizard hits you with a +0 dagger.
You bump into the rock wall.
The orc wizard gestures at itself while chanting.
The orc wizard flickers and vanishes for a moment.
You feel less confused. The orc wizard casts a spell at you.
The magic dart hits you.
Gastronok gurgles, "I'll eat you, I will!"
The orc wizard hits you but does no damage.
Aiming: Corrosive Bolt
Press: ? - help, Shift-Dir - straight line, f - orc wizard
Aim: an orc wizard, wielding a +0 dagger and wearing a +0 robe (slightly transparent, 64% to hit)
The bolt of acid hits the orc wizard!
The orc wizard is splashed with acid.
The acid corrodes the orc wizard!
You kill the orc wizard!
The bolt of acid hits Gastronok.
Gastronok is splashed with acid.
The acid corrodes Gastronok!
Gastronok is lightly wounded.
Okay, then.
Things that are here:
a +0 dagger; a +0 robe You hit Gastronok.
You burn Gastronok. You headbutt Gastronok.
Gastronok is lightly wounded.
You slash Gastronok! You burn Gastronok.
Gastronok is lightly wounded.
Gastronok bites you!!
You hit Gastronok. You burn Gastronok. You headbutt Gastronok!
Gastronok is moderately wounded.
You feel better.
Gastronok looks at you and mumbles some strange words.
You feel yourself slow down.
You hit Gastronok. You burn Gastronok.
Gastronok is moderately wounded.
Gastronok is no longer covered in acid.
Gastronok bites you.
You hit Gastronok. You burn Gastronok.
Gastronok is moderately wounded.
You slash Gastronok! You burn Gastronok.
Gastronok is moderately wounded.
Gastronok bites you!!
You die...

#.#..<..###########.##.
#........##.).....#....
####..##..........#..##
#..#####.......#..#
#..## #..........#
#...# #..>......##
##..# #.........###
##.# #.......#.... #@#
#.......#.### #w##
#.......#.# #..#
##.....##.#
#..####.###..#.#
#..##...# ##.#.#
##....### .#.# ##...###
.... ##..).# ...
#..#..# ..


You could see Gastronok.

Vanquished Creatures
  Maggie (D:7)
  A hornet (D:7)
  Sigmund (D:3)
  A water moccasin (D:8)
  A hornet zombie (D:7)
  3 ice beasts
  2 ogres
  2 centaurs
  A phantom (D:4)
  3 kobold brigands
  A bullfrog (D:7)
  A scorpion (D:5)
  2 howler monkeys
  A centaur zombie (D:7)
  A bullfrog skeleton (D:5)
  6 hounds
  An orc priest (D:6)
  A jelly (D:5)
  Jessica (D:2)
  An iguana (D:6)
  Ijyb (D:5)
  Terence (D:3)
  3 orc wizards
  A killer bee zombie (D:3)
  3 howler monkey skeletons
  4 adders
  A white imp (D:7)
  2 worms
  2 dart slugs
  19 orcs
  2 ball pythons
  8 endoplasms
  8 giant cockroaches
  8 goblins
  5 hobgoblins
  9 jackals
  15 kobolds
  7 quokkas
  4 bats
  5 frilled lizards
  5 rats
145 creatures vanquished.

Vanquished Creatures (others)
  2 demonic plants (Temple)
  6 plants (D:4)
8 creatures vanquished.

Grand Total: 153 creatures vanquished

Notes
Turn   | Place    | Note
-------+----------+-------------------------------------------
     0 | D:1      | leviel the Minotaur Fighter began the quest for the Orb.
     0 | D:1      | Reached XP level 1. HP: 19/19 MP: 0/0
   461 | D:1      | Reached XP level 2. HP: 20/27 MP: 1/1
   597 | D:1      | Reached skill level 3 in Axes
  1119 | D:2      | Reached XP level 3. HP: 31/34 MP: 2/2
  1151 | D:2      | Noticed Jessica
  1161 | D:2      | Killed Jessica
  1222 | D:2      | Found a faded altar of an unknown god.
  1383 | D:2      | Reached XP level 4. HP: 39/41 MP: 3/3
  1417 | D:2      | Reached skill level 4 in Axes
  1596 | D:2      | Reached skill level 5 in Fighting
  2082 | D:3      | Reached skill level 5 in Axes
  2401 | D:3      | Reached XP level 5. HP: 46/48 MP: 4/4
  2462 | D:3      | Noticed Sigmund
  2463 | D:3      | Noticed Terence
  2467 | D:3      | Killed Sigmund
  2468 | D:3      | Reached skill level 6 in Axes
  2468 | D:3      | Reached XP level 6. HP: 56/56 MP: 5/5
  2470 | D:3      | Killed Terence
  2471 | D:3      | Reached skill level 7 in Axes
  2962 | D:4      | Found a hazy altar of Hepliaklqana.
  2963 | D:4      | You fall into a shaft and drop 3 floors!
  2964 | D:7      | Noticed a hornet
  3167 | D:6      | Reached skill level 8 in Axes
  3172 | D:5      | Entered Level 5 of the Dungeon
  3176 | D:5      | Reached XP level 7. HP: 37/61 MP: 6/6
  3308 | D:5      | Reached skill level 9 in Axes
  3596 | D:4      | Reached skill level 10 in Axes
  3609 | D:4      | Found a snail-covered altar of Cheibriados.
  4023 | D:5      | Noticed robertstho's ghost (novice DjFE)
  4024 | D:5      | Found a runed translucent gate.
  4028 | D:5      | Found a runed translucent gate.
  4028 | D:5      | Found a runed translucent gate.
  4035 | D:5      | Noticed Ijyb
  4039 | D:5      | Killed Ijyb
  4040 | D:5      | Reached XP level 8. HP: 41/68 MP: 7/7
  4462 | D:5      | Reached skill level 11 in Axes
  4586 | D:5      | Found a radiant altar of Vehumet.
  4588 | D:5      | Found an ancient bone altar of Kikubaaqudgha.
  4588 | D:5      | Found a broken altar of Ashenzari.
  4588 | D:5      | Found a sparkling altar of Nemelex Xobeh.
  4594 | D:5      | Found a glowing silver altar of Zin.
  4598 | D:5      | Found an iron altar of Okawaru.
  5222 | D:6      | Reached skill level 12 in Axes
  5416 | D:6      | Found a staircase to the Ecumenical Temple.
  5541 | Temple   | Entered the Ecumenical Temple
  5692 | Temple   | Became a worshipper of the Shining One
  5885 | D:7      | Killed a hornet
  5914 | D:7      | Reached skill level 13 in Axes
  6027 | D:7      | Noticed Maggie
  6033 | D:7      | Reached XP level 9. HP: 50/74 MP: 8/8
  6051 | D:7      | Killed Maggie
  6616 | D:8      | Reached skill level 14 in Axes
  6886 | D:8      | Noticed Gastronok
  6924 | D:8      | Slain by Gastronok

Illustrated notes

Levels and vault maps discovered:
D:1:      shiori_arrival_elements, layout_basic, kennysheep_minor_cross
D:2:      layout_basic, ebering_ecumenical_altar_mist,
          kennysheep_generic_room_16, uniq_jessica
D:3:      layout_rooms, gup_sewer_entry_pipe, grunt_decor_one_mirror,
          uniq_sigmund, uniq_terence
D:4:      layout_basic, slow_altar_1, nicolae_hepliaklqana_hazy_memory,
          grunt_decor_cap, dk_noncrumbling_2
D:5:      layout_cave_pools, minmay_overflow_temple_hex, gammafunk_ghost_split,
          serial_bayou_pond_e, uniq_ijyb
D:6:      layout_basic, minmay_temple_entry_poolview
D:7:      layout_cave_pools, uniq_maggie
D:8:      layout_rooms, lightli_temple_of_fire, nicolae_ru_awakened_eye,
          uniq_gastronok
Temple:   kb_corrupted_temple

Skill      XL: |  1  2  3  4  5  6  7  8  9 |
---------------+----------------------------+-----
Fighting       | 4 5 |  5.0
Axes           | 3 5 6 8 10 13 14 | 14.2
Armour         | |  3.6
Dodging        | |  0.7
Stealth        | |  0.2
Shields        | |  3.6

Action                   |  1- 3 |  4- 6 |  7- 9 || total
-------------------------+-------+-------+-------++-------
Melee: War axe           |    68 |   108 |   197 ||   373
       Headbutt          |     4 |    14 |    24 ||    42
Evoke: Wand              |       |       |     1 ||     1
  Use: Potion            |       |     1 |     5 ||     6
       Scroll            |       |     2 |     9 ||    11
Armor: Scale mail        |    34 |    62 |    50 ||   146
       Skin              |       |       |    14 ||    14
       Swamp dragon scal |       |       |     9 ||     9
Dodge: Dodged            |    19 |    47 |    47 ||   113
Block: Kite shield       |    35 |    64 |    96 ||   195

Table legend: (Time is in decaauts)
 A = Elapsed time spent in this place.
 B = Non-inter-level travel time spent in this place.
 C = Inter-level travel time spent in this place.
 D = Time resting spent in this place.
 E = Time spent auto-exploring this place.
 F = Levels seen in this place.
 G = Mean time per level.
                   A        B        C        D        E       F      G
               +--------+--------+--------+--------+--------+-----+--------+
         Total |   7052 |   6758 |    294 |   1320 |   4389 |   9 |  783.6 |
       Dungeon |   6878 |   6608 |    270 |   1320 |   4293 |   8 |  859.8 |
        Temple |    174 |    151 |     23 |      0 |     96 |   1 |  174.0 |
               +--------+--------+--------+--------+--------+-----+--------+

Top non-repeatable levels by time:
     D:5: 1144 daAuts
     D:1: 1096 daAuts
     D:7: 1053 daAuts
     D:2: 978 daAuts
     D:3: 840 daAuts
     D:6: 804 daAuts
     D:4: 634 daAuts
     D:8: 326 daAuts
  Temple: 174 daAuts
